 Dungeon Crawl Stone Soup version 0.30-b1-6-gad0e9d6a2d (webtiles) character file.

Game seed: 1285509818424772277

7333 MaeNyx the Cleaver (level 11, -1/99 HPs)
             Began as a Hill Orc Fighter on May 5, 2023.
             Was a Believer of Dithmenos.
             Killed from afar by an electric eel (7 damage)
             ... with a bolt of electricity
             ... on level 9 of the Dungeon.
             The game lasted 00:42:47 (10442 turns).

MaeNyx the Cleaver (Hill Orc Fighter)              Turns: 10442, Time: 00:42:47

Health: -1/99      AC: 16    Str: 22    XL:     11   Next: 13%
Magic:  11/11      EV: 21    Int:  6    God:    Dithmenos [**....]
Gold:   670        SH:  9    Dex: 12    Spells: 10/10 levels left

rFire   x . .        a - +1 war axe (elec)
rCold   + . .        E - +0 kite shield
rNeg    . . .        u - +1 plate armour
rPois   .            (no helmet)
rElec   .            p - +0 cloak
rCorr   .            (no gloves)
SInv    .            (no boots)
Will    .....        n - amulet of the acrobat Stlth
                     h - ring of ice
HPRegen 0.36/turn    (no ring)
MPRegen 0.12/turn

%: acrobat
@: acrobatic, wreathed by umbra
A: dopey 1
a: Renounce Religion, Shadow Step


You were on level 9 of the Dungeon.
You worshipped Dithmenos.
Dithmenos was pleased with you.
You visited 1 branch of the dungeon, and saw 9 of its levels.

You collected 670 gold pieces.

Inventory:

Hand Weapons
 a - a +1 war axe of electrocution (weapon)
 d - the +8 arc blade {discharge, rElec}
   (You found it on level 6 of the Dungeon)

   rElec:     It insulates you from electricity.
 v - a +4 battleaxe
 F - the +9 mace of Sarraumi {venom, Stlth+}
   (You found it on level 7 of the Dungeon)

   Stlth:     It makes you more stealthy.
Missiles
 e - 96 stones
 g - 13 boomerangs
 l - 6 poisoned darts (quivered)
 q - a curare-tipped dart
Armour
 c - a +0 buckler
 j - a scarf of resistance
 m - a +0 barding
 p - a +0 cloak (worn)
 u - a +1 plate armour (worn)
 E - a +0 kite shield (worn)
Jewellery
 h - a ring of ice (left hand)
 n - an amulet of the acrobat (around neck)
Wands
 r - a wand of roots (1)
 y - a wand of light (8)
 B - a wand of mindburst (19)
Scrolls
 o - 4 scrolls of identify
 t - 5 scrolls of teleportation
 w - 4 scrolls of fog
 A - a scroll of fear
 D - a scroll of butterflies
 I - a scroll of noise
Potions
 b - 4 potions of brilliance
 f - 2 potions of lignification
 i - 4 potions of attraction
 k - 3 potions of curing
 s - 2 potions of degeneration
 x - 3 potions of magic
 z - a potion of might
 C - a potion of cancellation
 G - a potion of mutation
 H - a potion of flight


   Skills:
 + Level 9.8 Fighting
 + Level 14.7 Axes
 + Level 9.2 Armour
 + Level 1.7 Dodging
 + Level 0.6 Stealth
 + Level 6.7 Shields
 + Level 0.5 Unarmed Combat


You had 10 spell levels left.
You didn't know any spells.
Your spell library contained the following spells:

 Spells                   Type           Power      Damage    Failure   Level
 Magic Dart               Conj           0%         1d3       100%        1
 Blink                    Tloc           0%         N/A       100%        2
 Call Imp                 Summ           0%         N/A       100%        2
 Cigotuvi's Dreadful Rot  Necr/Pois/Air  0%         N/A       100%        2
 Ignite Poison            Fire/Tmut/Pois 0%         N/A       100%        3
 Mephitic Cloud           Conj/Pois/Air  0%         N/A       100%        3
 Animate Armour           Summ/Erth      0%         N/A       100%        4
 Manifold Assault         Tloc           0%         N/A       100%        4
 Blade Hands              Tmut           0%         N/A       100%        5
 Freezing Cloud           Conj/Ice/Air   0%         6-21      100%        5
 Iron Shot                Conj/Erth      0%         9d1       100%        6
 Storm Form               Tmut/Air       0%         N/A       100%        7


Dungeon Overview and Level Annotations

Branches:
Dungeon (9/15)             Temple (0/1) D:5
   Lair: D:8-11         Orc: D:9-12

Altars:
Ashenzari
Dithmenos
Kikubaaqudgha
Qazlal
Sif Muna
Trog
Uskayaw
Xom
Zin
Beogh

Shops:
D:4 *


Innate Abilities, Weirdness & Mutations

You are dopey. (Int -2)


Message History

You kill the bullfrog!
Dithmenos accepts your kill.
You can now step into the shadows of nearby creatures.
The centaur hits you but does no damage.
You block the centaur's attack.
The electric eel shoots out a bolt of lightning at you!
The bolt of electricity hits you!
The centaur hits you but does no damage.
The centaur kicks you but does no damage.
You hit the centaur but do no damage.
The centaur is severely wounded.
The electric eel shoots out a bolt of lightning at you!
The bolt of electricity hits you!
The centaur hits you but does no damage.
The centaur barely misses you.
You slash the centaur!
You kill the centaur!
Dithmenos accepts your kill.
The electric eel shoots out a bolt of lightning at you!
The bolt of electricity hits you.
* * * LOW HITPOINT WARNING * * *
The electric eel shoots out a bolt of lightning at you!
The bolt of electricity hits you!
* * * LOW HITPOINT WARNING * * *
Really quaff the potion of lignification?
Okay, then.
The electric eel shoots out a bolt of lightning at you!
The bolt of electricity hits you!
* * * LOW HITPOINT WARNING * * *
The electric eel shoots out a bolt of lightning at you!
The bolt of electricity misses you.
You see here a +0 shortbow.
The electric eel shoots out a bolt of lightning at you!
The bolt of electricity misses you.
The electric eel shoots out a bolt of lightning at you!
The bolt of electricity hits you.
* * * LOW HITPOINT WARNING * * *
The electric eel shoots out a bolt of lightning at you!
The bolt of electricity hits you!
You die...

#..# .# #..# ~~≈≈ .#
#..# ~~≈≈
#########..#+##+###..≈≈≈
............<.....#..P≈~
#######.............~~≈
......'..............~
.######...........#.~~≈
.# #.........@.#..~~ .#
####.....).....~~~ .#
#.........S~~~≈ .#
#.........SP~≈≈ .#
#.........~~≈≈≈ ##
#........~.~≈≈≈ #
#........~SP≈≈~
#........P~≈≈≈~
...##.#..~~≈≈≈


You could see 3 electric eels.

Vanquished Creatures
  A two-headed ogre (D:7)
  A gargoyle (D:9)
  Psyche (D:8)
  5 hornets
  A wraith (D:9)
  4 yaks (D:9)
  A wyvern (D:9)
  3 steam dragons
  Grum (D:8)
  2 water moccasins
  An ice beast (D:5)
  An orc warrior (D:7)
  3 black bears
  A sky beast (D:7)
  3 centaurs
  2 wolves (D:8)
  3 ogres
  A phantom (D:7)
  Blork the orc (D:5)
  4 bullfrogs
  A kobold brigand (D:3)
  A scorpion (D:4)
  12 wights
  5 killer bees (D:9)
  A howler monkey (D:6)
  3 jellies
  5 hounds (D:5)
  4 orc priests
  Crazy Yiuf (D:2)
  Ijyb (D:4)
  A gnoll bouda (D:6)
  An iguana (D:4)
  3 orc wizards
  16 gnolls
  11 adders
  2 river rats (D:5)
  3 white imps
  4 ufetubi
  3 worms
  33 orcs
  8 ball pythons
  7 bats
  3 endoplasms
  5 giant cockroaches
  8 goblins
  8 hobgoblins
  4 jackals (D:2)
  6 quokkas
  42 kobolds
  7 rats
249 creatures vanquished.

Notes
Turn   | Place    | Note
-------+----------+-------------------------------------------
     0 | D:1      | MaeNyx the Hill Orc Fighter began the quest for the Orb.
     0 | D:1      | Reached XP level 1. HP: 19/19 MP: 1/1
   201 | D:1      | Reached XP level 2. HP: 23/27 MP: 2/2
   623 | D:1      | Reached skill level 3 in Axes
   780 | D:2      | Reached XP level 3. HP: 31/33 MP: 3/3
  1022 | D:2      | Reached XP level 4. HP: 34/41 MP: 4/4
  1413 | D:2      | Found a runed translucent door.
  1414 | D:2      | Noticed Crazy Yiuf
  1420 | D:2      | Killed Crazy Yiuf
  1421 | D:2      | Reached skill level 4 in Axes
  1659 | D:2      | Reached XP level 5. HP: 47/47 MP: 5/5
  2159 | D:3      | Noticed a kobold brigand
  2175 | D:3      | Killed a kobold brigand
  2176 | D:3      | Reached skill level 5 in Fighting
  2176 | D:3      | Reached skill level 5 in Axes
  2176 | D:3      | Reached XP level 6. HP: 52/56 MP: 6/6
  2259 | D:3      | HP: 2/56 [gnoll/+0 halberd (4)]
  2682 | D:3      | Reached skill level 1 in Dodging
  3215 | D:3      | Found a bloodstained altar of Trog.
  3274 | D:3      | Found a hide-covered altar of Uskayaw.
  4021 | D:4      | Reached skill level 6 in Axes
  4021 | D:4      | Reached XP level 7. HP: 47/62 MP: 7/7
  4076 | D:4      | Gained mutation: You are dopey. (Int -2) [potion of
                  | mutation]
  4494 | D:4      | Noticed Ijyb
  4514 | D:4      | Killed Ijyb
  4515 | D:4      | Reached skill level 7 in Axes
  4660 | D:4      | Found Naret's General Store.
  5091 | D:5      | Entered Level 5 of the Dungeon
  5091 | D:5      | Noticed Blork the orc
  5092 | D:5      | Found a glowing silver altar of Zin.
  5101 | D:5      | Killed Blork the orc
  5102 | D:5      | Reached skill level 5 in Armour
  5259 | D:5      | Found a broken altar of Ashenzari.
  5276 | D:5      | Identified the +1 dagger of Lighul {drain, rC+ MP+9 Int+4}
  5294 | D:5      | Found a staircase to the Ecumenical Temple.
  5312 | D:5      | Reached XP level 8. HP: 70/70 MP: 8/8
  5493 | D:5      | Reached skill level 8 in Axes
  5562 | D:5      | Found a glowing drain.
  6083 | D:6      | HP: 2/71 [black bear (3)]
  6090 | D:6      | Reached skill level 9 in Axes
  6331 | D:6      | Found the +8 arc blade {discharge, rElec}
  6617 | D:6      | Reached skill level 10 in Axes
  6683 | D:6      | Found a shimmering blue altar of Sif Muna.
  6691 | D:6      | Reached XP level 9. HP: 71/79 MP: 9/9
  7043 | D:6      | Identified the +7 short sword "Penoux" {freeze, Drain rF++
                  | rC- Int+2}
  7131 | D:7      | Found a transporter.
  7142 | D:7      | Noticed a two-headed ogre
  7143 | D:7      | Found a roughly hewn altar of Beogh.
  7143 | D:7      | Found a transporter.
  7168 | D:7      | Found a shadowy altar of Dithmenos.
  7183 | D:7      | Reached skill level 5 in Shields
  7185 | D:7      | Reached skill level 11 in Axes
  7224 | D:7      | Became a worshipper of Dithmenos the Shadowed
  7292 | D:7      | Found a flagged portal.
  7966 | D:7      | Killed a two-headed ogre
  7967 | D:7      | Reached skill level 12 in Axes
  7967 | D:7      | Reached XP level 10. HP: 44/88 MP: 10/10
  8044 | D:7      | Reached * piety under Dithmenos
  8132 | D:7      | Identified the +9 mace of Sarraumi {venom, Stlth+}
  8418 | D:8      | Found an ancient bone altar of Kikubaaqudgha.
  8557 | D:8      | Noticed Psyche
  8566 | D:8      | Killed Psyche
  8567 | D:8      | Reached skill level 13 in Axes
  8605 | D:8      | Noticed Grum
  8617 | D:8      | Killed Grum
  8961 | D:8      | Found a shimmering altar of Xom.
  9162 | D:9      | Paralysed by a hornet for 2 turns
  9167 | D:9      | Paralysed by a hornet for 1 turns
  9532 | D:9      | Reached skill level 14 in Axes
  9881 | D:9      | Noticed a gargoyle
  9896 | D:9      | Killed a gargoyle
 10046 | D:9      | Found a stormy altar of Qazlal.
 10124 | D:9      | Paralysed by a hornet for 1 turns
 10129 | D:9      | Reached XP level 11. HP: 76/97 MP: 11/11
 10231 | D:9      | Paralysed by a hornet for 2 turns
 10437 | D:9      | Reached ** piety under Dithmenos
 10442 | D:9      | Killed from afar by an electric eel

Illustrated notes

Levels and vault maps discovered:
D:1:      dpeg_arrival_tiny_i, layout_basic
D:2:      layout_basic, uniq_crazy_yiuf_cottage
D:3:      minmay_goblin_kobold_castle, layout_basic, trog_book,
          mainiacjoe_overflow_chevrons, chequers_serial_rivers_room_b
D:4:      layout_layer_cave, serial_forest, infiniplex_forest_lined_corner,
          infiniplex_forest_lined_2, infiniplex_forest_clump_small,
          infiniplex_forest_end_2, infiniplex_forest_clump_curved,
          infiniplex_forest_end_1, serial_shops, nicolae_shop_behind_doors,
          uniq_ijyb
D:5:      layout_loops_ring, amcnicky_altar_gilded, nicolae_ashenzari_skybound,
          minmay_temple_entry_antechambers, portal_sewer_entry_b,
          uniq_blork_the_orc
D:6:      layout_cave_pools, marbit_many_paths
D:7:      gammafunk_beogh_shrine, layout_gridville, lemuel_crystal_altar,
          enter_bailey_5
D:8:      layout_rooms, nicolae_kikubaaqudgha_miasma_corner, lemuel_round_altar,
          uniq_grum, uniq_psyche
D:9:      layout_basic, nicolae_qazlal_style_of_elements, chequers_big_river

Skill      XL: |  1  2  3  4  5  6  7  8  9 10 |
---------------+-------------------------------+-----
Axes           | 3 4 5 6 7 10 12 14 | 14.7
Fighting       | 4 5 6 7 8 9 |  9.8
Shields        | 4 5 6 |  6.7
Armour         | 4 5 6 7 9 |  9.2
Dodging        | 1 |  1.7
Stealth        | |  0.6
Unarmed Combat | |  0.5

Action                     |  1- 3 |  4- 6 |  7- 9 | 10-12 || total
---------------------------+-------+-------+-------+-------++-------
  Melee: War axe           |    74 |   203 |   248 |   181 ||   706
         Battleaxe         |       |       |    14 |       ||    14
         Unarmed           |       |       |       |     2 ||     2
  Throw: Dart              |       |     2 |     2 |       ||     4
    Use: Potion            |     7 |     2 |     1 |     1 ||    11
         Scroll            |     1 |     4 |     8 |     4 ||    17
 Armour: Scale mail        |    42 |    74 |       |       ||   116
         Chain mail        |       |    33 |    47 |       ||    80
         Plate armour      |       |       |    94 |    73 ||   167
  Dodge: Dodged            |    36 |   141 |   139 |    75 ||   391
  Block: Buckler           |    11 |    50 |    53 |       ||   114
         Kite shield       |       |       |     2 |    91 ||    93
